 Dungeon Crawl Stone Soup version 0.26-a0-244-g083ca260ac (webtiles) character file.

Game seed: 2414515903552242235

343 BritishOli the Ducker (level 6, 17/47 HPs)
             Began as a Demonspawn Gladiator on July 8, 2020.
             Starved to death
             ... on level 3 of the Dungeon.
             The game lasted 00:05:07 (3004 turns).

BritishOli the Ducker (Demonspawn Gladiator)        Turns: 3004, Time: 00:05:07

Health: 17/47      AC:  7    Str: 16    XL:     6   Next: 31%
Magic:  6/6        EV: 11    Int: 10    God:
Gold:   108        SH:  0    Dex: 14    Spells: 5/5 levels left

rFire    . . .     SeeInvis .   a - +0 long sword
rCold    . . .     Faith    .   (no shield)
rNeg     + . .     Spirit   .   i - +0 scale mail
rPois    .         Reflect  .   c - +0 helmet
rElec    .         Harm     .   (no cloak)
rCorr    .                      (no gloves)
MR       .....                  (no boots)
Stlth    ..........             (no amulet)
HPRegen  0.15/turn              b - ring of positive energy
MPRegen  0.10/turn              (no ring)

@: fainting
A: demonic guardian 1, powered by death 1
a: no special abilities


You were on level 3 of the Dungeon.
You were fainting.

You visited 1 branch of the dungeon, and saw 3 of its levels.
You also visited: Sewer.

You collected 108 gold pieces.

Inventory:

Hand Weapons
 a - a +0 long sword (weapon)
Missiles
 d - 3 throwing nets (quivered)
Armour
 c - a +0 helmet (worn)
 i - a +0 scale mail (worn)
Jewellery
 b - a ring of positive energy (left hand)
Wands
 p - a wand of clouds (6)
Scrolls
 e - a scroll of enchant armour {unknown}
 f - 2 scrolls of fear {unknown}
 h - 2 scrolls of magic mapping {unknown}
 j - 6 scrolls of identify {unknown}
 l - 2 scrolls of amnesia {unknown}
 q - a scroll of enchant weapon {unknown}
 s - a scroll of remove curse {unknown}
Potions
 g - 5 potions of brilliance {unknown}
 k - 3 potions of curing {unknown}
 m - a potion of berserk rage {unknown}
 n - a potion of resistance {unknown}
 o - 3 potions of might {unknown}
 r - 4 potions of heal wounds


   Skills:
 + Level 3.3 Fighting
 + Level 3.7 Long Blades
 + Level 3.1 Throwing
 + Level 2.4 Armour
 + Level 3.8 Dodging


You had 5 spell levels left.
You didn't know any spells.
Your spell library was empty.

Dungeon Overview and Level Annotations

Branches:
Dungeon (3/15)              Sewer (visited)

Altars:
Fedhas


Innate Abilities, Weirdness & Mutations

A weak demonic guardian rushes to your aid.
You regenerate a little health from kills.


Message History

The river rat is severely wounded.
The river rat closely misses you.
You hit the river rat but do no damage.
The river rat is severely wounded.
The river rat closely misses you.
You riposte.
Your scale mail prevents you from hitting the river rat.
The river rat is severely wounded.
You barely miss the river rat.
The river rat is severely wounded.
The river rat closely misses you. The river rat completely misses you.
You hit the river rat but do no damage.
The river rat is severely wounded.
The river rat bites you!
* * * LOW HITPOINT WARNING * * *
You hit the river rat.
You kill the river rat!
Found 22 stones.
Found a scroll labeled UPPUFA ALANNEE.
You have starved to death.
You die...

........#.##.#....##
##....###.##.#....#
#....# #.........#
..#... ######...##
.#####. #...####.#
#.........
#####....####.#
.(.............?
........@.......
................
######....####.#
#..... # #...###
#...# ..... .....?


There were no monsters in sight!

Vanquished Creatures
  2 big kobolds (Sewer)
  5 adders
  5 river rats
  2 oozes
  4 worms
  2 dart slugs (D:1)
  3 giant cockroaches (D:2)
  6 goblins
  7 hobgoblins
  3 jackals (D:1)
  14 kobolds
  A quokka (D:2)
  8 ball pythons
  8 bats
  4 frilled lizards
  30 rats
104 creatures vanquished.

Vanquished Creatures (collateral kills)
  5 kobolds (Sewer)
5 creatures vanquished.

Vanquished Creatures (others)
  4 toadstools (D:1)
4 creatures vanquished.

Grand Total: 113 creatures vanquished

Notes
Turn   | Place    | Note
-------+----------+-------------------------------------------
     0 | D:1      | BritishOli the Demonspawn Gladiator began the quest for the
                  | Orb.
     0 | D:1      | Reached XP level 1. HP: 16/16 MP: 1/1
   164 | D:1      | Gained mutation: You regenerate a little health from kills.
                  | [demonic ancestry]
   164 | D:1      | Reached XP level 2. HP: 14/22 MP: 2/2
   495 | D:1      | Reached XP level 3. HP: 26/28 MP: 3/3
   617 | D:1      | Reached skill level 1 in Armour
  1221 | D:2      | Found a blossoming altar of Fedhas.
  1349 | D:2      | Reached XP level 4. HP: 24/34 MP: 4/4
  1957 | D:3      | Found a glowing drain.
  1965 | Sewer    | Entered a sewer
  2204 | Sewer    | Noticed a big kobold
  2213 | Sewer    | Killed a big kobold
  2213 | Sewer    | Reached XP level 5. HP: 41/41 MP: 5/5
  2809 | Sewer    | Gained mutation: A weak demonic guardian rushes to your
                  | aid. [demonic ancestry]
  2809 | Sewer    | Reached XP level 6. HP: 15/47 MP: 6/6
  2884 | Sewer    | Paralysed by fainting for 12 turns
  2902 | Sewer    | Paralysed by fainting for 5 turns
  2918 | Sewer    | Paralysed by fainting for 10 turns
  3004 | D:3      | Starved to death

Illustrated notes

Levels and vault maps discovered:
D:1:      ldierk_walled_garden_2, layout_basic
D:2:      layout_rooms, lemuel_doored_altar, mrwooster_statue_mirror
D:3:      layout_loops_cross, okawaru_gym_becter, vehumet_crystals,
          cheibrodos_sewer_entry_sluice

Skill      XL: |  1  2  3  4  5 |
---------------+----------------+-----
Throwing       | 2 3 |  3.1
Long Blades    | 3 |  3.7
Dodging        | 3 |  3.8
Armour         | 1 2 |  2.4
Fighting       | 3 |  3.3

Action                   |  1- 3 |  4- 6 || total
-------------------------+-------+-------++-------
Melee: Long sword        |   127 |   234 ||   361
  Use: Potion            |       |     1 ||     1
  Eat: Ration            |     1 |       ||     1
Armor: Leather armour    |    31 |       ||    31
       Scale mail        |    22 |   178 ||   200
Dodge: Dodged            |    90 |   210 ||   300
       Rpst.: Long sword |    28 |    59 ||    87

Table legend:
 A = Non-vault XP
 B = Vault XP
 C = Vault XP percentage of total XP
 D = Non-vault monster count
 E = Vault monster count
 F = Vault count percentage of total count
                 A         B        C        D         E       F
            +---------+---------+-------+---------+---------+-------
      Total |     149 |     342 |  69.7 |      59 |      50 |  45.9
            +---------+---------+-------+---------+---------+-------
        D:1 |      64 |       0 |   0.0 |      33 |       0 |   0.0
        D:2 |      85 |       0 |   0.0 |      26 |       0 |   0.0
        D:3 |       0 |      18 | 100.0 |       0 |       2 | 100.0
      Sewer |       0 |     324 | 100.0 |       0 |      48 | 100.0
            +---------+---------+-------+---------+---------+-------
